 Dungeon Crawl Stone Soup version 0.31-a0-1308-ga3cce3a448 (webtiles) character file.

Game seed: 2971585971665426166

61 Dirtsage the Changeling (level 4, -3/29 HPs)
             Began as an Octopode Shapeshifter on Dec 19, 2023.
             Slain by a cerulean imp
             ... wielding a +2 spear
             ... summoned by Natasha
              (4 damage)
             ... on level 2 of the Dungeon.
             The game lasted 00:02:23 (818 turns).

Dirtsage the Changeling (Octopode Shapeshifter)      Turns: 818, Time: 00:02:24

Health: -3/29      AC:  1    Str: 13    XL:     4   Next: 7%
Magic:  4/4        EV: 13    Int: 12    God:
Gold:   20         SH:  0    Dex: 13    Spells: 3/3 levels left

rFire   . .          .
                       - Unarmed
rCold   + . .        (no shield)
rNeg    . . .        (helmet currently unavailable)
rPois   .            (no amulet)
rElec   .            I - ring of protection from cold
rCorr   .            (no ring)
SInv    .            (no ring)
Will    .....        (no ring)
Stlth   ++           (no ring)
HPRegen 0.24/turn    (no ring)
MPRegen 0.09/turn    (no ring)
                     (no ring)

%: no passive effects
@: beast-form, slowed, very slow
A: beast (slay +2), almost no armour, amphibious, 8 rings, camouflage 1,
gelatinous body 1, (nimble swimmer 1), tentacles
a: Begin Untransformation


You were on level 2 of the Dungeon.
You were a hulking beast.
You visited 1 branch of the dungeon, and saw 2 of its levels.

You collected 20 gold pieces.

Inventory:

Magical Staves
 e - a staff of earth
Jewellery
 I - a ring of protection from cold (left tentacle)
Talismans
 b - a beast talisman
 c - a flux talisman
 g - a beast talisman
Scrolls
 d - 2 scrolls of identify {unknown}
 f - a scroll of teleportation {unknown}
Potions
 a - a potion of lignification


   Skills:
 + Level 1.9 Fighting
 + Level 2.5 Dodging
 + Level 3.3 Unarmed Combat
 * Level 3.6 Shapeshifting


You had 3 spell levels left.
You didn't know any spells.
Your spell library contained the following spells:

 Spells                   Type           Power      Damage    Failure   Level
 Iskenderun's Battlesphe  Conj           0%         2d6       100%        5
 Bombard                  Conj/Erth      0%         9d1       100%        6
 Spellforged Servitor     Conj/Summ      0%         N/A       100%        7


Dungeon Overview and Level Annotations

Branches:
Dungeon (2/15)

Altars:

Shops:
D:1 *   D:2 *

Annotations:
D:2 Natasha


Innate Abilities, Weirdness & Mutations

You are a hulking beast.
Your limbs bulge with bestial killing power. (Slay +2)
You cannot wear most types of armour.
You are amphibious.
You can wear up to eight rings at the same time.
Your skin changes colour to match your surroundings (Stealth+).
Your rubbery body absorbs attacks. (AC +1, EV +1)
((You are camouflaged when in or above water. (Stealth+)))
You have tentacles for arms and can constrict up to eight enemies at once.


Message History

You are too injured to fight recklessly!
You are too injured to fight recklessly!
You are too injured to fight recklessly!
You are too injured to fight recklessly!
You barely miss Natasha. Your grab misses Natasha.
Natasha is heavily wounded.
Natasha claws you!
* * * LOW HITPOINT WARNING * * *
You take 6 damage, and have 6/23 hp.
MASSIVE DAMAGE!!
You tentacle-slap Natasha. You grab Natasha.
You squeeze Natasha, but do no damage.
Natasha is heavily wounded.
You constrict Natasha, but do no damage.
Natasha barely misses you.
You bludgeon Natasha!
You kill Natasha!
Natasha screams in fury as she dies!
Your life force feels restored.
You have reached level 4!
MP restored: 4 Natasha, Servant of Life and Death comes into view.
You see here the felid corpse of Natasha.
Natasha mumbles some strange words.
A cerulean imp opens the door.
The cerulean imp attacks as it pursues you!
The cerulean imp barely misses you.
The cerulean imp attacks as it pursues you!
The cerulean imp hits you from afar with a +2 spear. x2
* * * LOW HITPOINT WARNING * * *
You take 6 damage, and have 5/29 hp.
MASSIVE DAMAGE!!
Natasha casts a spell at you.
You feel yourself slow down.
Natasha mumbles some strange words.
The cerulean imp hits you from afar with a +2 spear.
* * * LOW HITPOINT WARNING * * *
You take 4 damage, and have 1/29 hp.
The cerulean imp attacks as it pursues you!
The cerulean imp closely misses you.
The cerulean imp hits you from afar with a +2 spear.
You die...

....................+
#......##..........#...
#######......###.........$....
......#......###...h........!.
......#......'.#...............
......#......#.#...............
......#####∩##.#5..............
............##.#................
......########.#h..............
..†...###### #.#.####+###.....
###........# #<#.##....[.....#
#.....)..#####.##..........#
#..............##..........#
######'##########..........####
####..#...# #..............
#.....+...# #...........###
####.##..#...# #†..........#


You could see Natasha and a cerulean imp (summoned).

Vanquished Creatures
  Natasha (D:2)
  A gnoll (D:1)
  2 dart slugs (D:1)
  4 ball pythons
  2 endoplasms (D:1)
  A giant cockroach (D:1)
  2 hobgoblins (D:1)
  2 jackals (D:1)
  A quokka (D:2)
  3 bats (D:1)
  3 goblins
  A kobold (D:1)
  4 rats (D:1)
27 creatures vanquished.

Notes
Turn   | Place    | Note
-------+----------+-------------------------------------------
     0 | D:1      | Dirtsage the Octopode Shapeshifter began the quest for the
                  | Orb.
     0 | D:1      | Reached XP level 1. HP: 13/13 MP: 1/1
    77 | D:1      | Reached XP level 2. HP: 18/18 MP: 2/2
   134 | D:1      | Found Apohet's General Store.
   137 | D:1      | Reached XP level 3. HP: 23/23 MP: 3/3
   582 | D:2      | Found Lerchu Sonu's General Store.
   792 | D:2      | Noticed Natasha
   799 | D:2      | Killed Natasha
   800 | D:2      | Reached XP level 4. HP: 7/29 MP: 4/4
   803 | D:2      | Noticed Natasha
   817 | D:2      | HP: 1/29 [cerulean imp/+2 spear[Natasha] (5)]
   818 | D:2      | Slain by a cerulean imp

Illustrated notes

Levels and vault maps discovered:
D:1:      heliophobic_arrival_dark_side_of_the_moon, layout_rooms, serial_shops,
          nicolae_shop_crystal, chequers_big_river
D:2:      layout_basic, serial_shops, shop, ebering_ecumenical_altar_rust,
          minmay_diced_spiral, uniq_natasha

Action                     |  1- 3 |  4- 6 || total
---------------------------+-------+-------++-------
  Melee: Unarmed           |    46 |       ||    46
         Constrict         |    12 |       ||    12
         Tentacles         |     8 |       ||     8
   Stab: Sleeping          |     6 |       ||     6
 Armour: Skin              |    15 |     4 ||    19
  Dodge: Dodged            |    33 |     2 ||    35

Table legend: (Time is in decaauts)
 A = Elapsed time spent in this place.
 B = Non-inter-level travel time spent in this place.
 C = Inter-level travel time spent in this place.
 D = Time resting spent in this place.
 E = Time spent auto-exploring this place.
 F = Levels seen in this place.
 G = Mean time per level.
                   A        B        C        D        E       F      G
               +--------+--------+--------+--------+--------+-----+--------+
         Total |    814 |    804 |     10 |      0 |    641 |   2 |  407.0 |
       Dungeon |    814 |    804 |     10 |      0 |    641 |   2 |  407.0 |
               +--------+--------+--------+--------+--------+-----+--------+

Top non-repeatable levels by time:
     D:1: 571 daAuts
     D:2: 242 daAuts
